 Dungeon Crawl Stone Soup version 0.15.0-11-g6f4f891 (webtiles) character file.

4658 Heini the Cleaver (level 10, 0/96 HPs)
             Began as a Hill Orc Fighter on Aug 30, 2014.
             Was a Believer of Okawaru.
             Slain by a killer bee (2 damage)
             ... on Level 8 of the Dungeon.
             The game lasted 00:48:50 (8705 turns).

Heini the Cleaver (Hill Orc Fighter)                Turns: 8705, Time: 00:48:51

HP   0/96        AC 13     Str 23      XL: 10   Next: 43%
MP  10/10        EV  7     Int  8      God: Okawaru [**....]
Gold 426         SH  9     Dex 10      Spells:  0 memorised,  9 levels left

rFire  . . .     SeeInvis .     a - +1 war axe
rCold  + . .     Clarity  .     b - +0 scale mail
rNeg   . . .     rCorr    .     c - +0 shield
rPois  .         rRot     .     (no helmet)
rElec  .         Spirit   .     G - +0 cloak (curse)
SustAb .         Warding  .     x - +0 pair of gloves (curse)
rMut   .         Stasis   .     u - +1 pair of boots
Gourm  .                        C - cursed amulet of inaccuracy
MR     .....                    (no ring)
                                t - cursed ring of protection from cold

@: lethally poisoned, not resistant to hostile enchantments, extremely
unstealthy
A: no striking features
a: Heroism, Renounce Religion


You were on level 8 of the Dungeon.
You worshipped Okawaru.
Okawaru was pleased with you.
You were not hungry.

You visited 2 branches of the dungeon, and saw 9 of its levels.
You also visited: Ossuary.

You collected 426 gold pieces.

Inventory:

Hand weapons
 a - a +1 war axe (weapon)
 B - a +0 battleaxe
Armour
 b - a +0 scale mail (worn)
 c - a +0 shield (worn)
 f - a +1 cloak
 u - a +1 pair of boots (worn)
 x - a cursed +0 pair of gloves (worn)
 y - a +0 plate armour
 E - a +0 plate armour
 G - a cursed +0 cloak (worn)
Magical devices
 g - a wand of cold (9)
 j - a wand of slowing (6) {unknown}
 n - a wand of polymorph (10) {unknown}
 r - a wand of digging (10) {unknown}
 D - a wand of magic darts (14) {unknown}
 F - a wand of digging (6) {unknown}
Comestibles
 d - 4 meat rations
 k - 3 bread rations
 A - 4 rotting chunks of giant frog flesh
Scrolls
 i - 5 scrolls of identify
 m - 5 scrolls of enchant armour
 o - a scroll of summoning {unknown}
 p - a scroll of magic mapping
Jewellery
 t - a cursed ring of protection from cold (left hand)
 C - a cursed amulet of inaccuracy (around neck)
Potions
 l - 4 potions of restore abilities
 s - 5 potions of agility
 v - 5 potions of brilliance
 w - 2 potions of haste {unknown}
 z - a potion of cure mutation


   Skills:
 * Level 11.2 Fighting
 * Level 12.8 Axes
 + Level 8.1 Armour
 - Level 3.2 Shields


You had 9 spell levels left.
You didn't know any spells.

Dungeon Overview and Level Annotations

Branches:
Dungeon (8/15)             Temple (1/1) D:7
   Lair: D:8-11

Altars:
Ashenzari
Cheibriados
Dithmenos
Elyvilon
Fedhas
Kikubaaqudgha
Makhleb
Nemelex Xobeh
Okawaru
Qazlal
Sif Muna
Trog
Vehumet
Xom
Yredelemnul
Zin
The Shining One

Shops:
D:4 !

Annotations:
D:3 Heini's ghost, average MiFi


Message History

You feel sick.
The killer bee stings you but does no damage.
The killer bee barely misses you.
Drink which item? (? for menu, Esc to quit)
Your magical effects are unravelling.
You feel magically purged.
It was a potion of cancellation.
You feel a little less mighty now.
* * * LOW HITPOINT WARNING * * *
You feel sick. You block the killer bee's attack.
The killer bee stings you but does no damage.
You hit the killer bee.
The killer bee is moderately wounded.
* * * LOW HITPOINT WARNING * * *
You feel sick.
The killer bee stings you but does no damage. x2
You closely miss the killer bee.
The killer bee is moderately wounded.
* * * LOW HITPOINT WARNING * * *
You feel sick. The killer bee stings you.
You die...

#.# #.# #.# #.# #.# #.#
..#####.####### #.# #.#
#..............# #.#
#.##
#.#####.#####.#######.#
#..# #.# #.........#
##.# #.# ###########
#.# #.# ########## #.#
..# #..@yFyO.# #.# ###
#.######.# #.# #... #.#
#.# #. ..####F# #.# ..
rFy#O#########.# #
#%#...........#
#..!..........#
############.## #.#


You could see an ogre, a giant frog and 2 killer bees.

Vanquished Creatures
  Eustachio (D:6)
  A hungry ghost (D:8)
  Edmund (D:7)
  Menkaure (D:6)
  2 ice beasts
  3 orc warriors
  5 sky beasts
  A black bear (D:6)
  A water moccasin (D:6)
  2 centaurs
  An ogre (D:4)
  3 giant frogs
  A big kobold (D:8)
  13 killer bees
  4 scorpions
  6 wights
  6 jellies (D:7)
  5 crimson imps
  2 orc priests (D:7)
  6 hounds
  A human zombie (Ossuary)
  6 orc wizards
  An iguana (D:4)
  An iron imp (D:6)
  8 worker ants
  A big kobold zombie (Ossuary)
  Ijyb (D:3)
  An ogre skeleton (D:7)
  4 mummies (Ossuary)
  11 adders
  5 gnolls
  3 shadow imps
  A green rat (D:6)
  An inept feature mimic (D:4)
  A white imp (D:6)
  3 giant mites
  2 worms
  2 ufetubi (D:6)
  2 adder zombies (D:5)
  4 giant geckos
  An ooze (D:2)
  19 orcs
  10 bats
  3 gnoll zombies (Ossuary)
  13 goblins
  11 hobgoblins
  16 kobolds
  6 quokkas
  2 ball pythons
  9 giant cockroaches
  2 giant newts
  A hobgoblin skeleton (D:4)
  2 hobgoblin zombies (Ossuary)
  9 jackals
  An orc zombie (Ossuary)
  31 rats
  6 ballistomycetes (D:8)
266 creatures vanquished.

Vanquished Creatures (others)
  A giant spore (D:8)
1 creature vanquished.

Grand Total: 267 creatures vanquished

Notes
Turn   | Place    | Note
--------------------------------------------------------------
     0 | D:1      | Heini, the Hill Orc Fighter, began the quest for the Orb.
     0 | D:1      | Reached XP level 1. HP: 19/19 MP: 1/1
    20 | D:1      | Reached skill level 4 in Fighting
    22 | D:1      | Reached XP level 2. HP: 17/27 MP: 2/2
    90 | D:1      | Reached XP level 3. HP: 17/33 MP: 3/3
   669 | D:2      | Found a deep blue altar of Sif Muna.
   821 | D:2      | Reached XP level 4. HP: 22/41 MP: 4/4
   935 | D:2      | Found a stormy altar of Qazlal.
  1356 | D:3      | Noticed Ijyb
  1377 | D:3      | Killed Ijyb
  1449 | D:3      | Reached XP level 5. HP: 47/47 MP: 5/5
  1539 | D:3      | Noticed Heini's ghost (average MiFi)
  1919 | D:3      | Found a glowing silver altar of Zin.
  2211 | D:4      | Found a glowing golden altar of the Shining One.
  2257 | D:4      | Reached skill level 5 in Fighting
  2314 | D:4      | Reached skill level 5 in Axes
  2327 | D:4      | Found a white marble altar of Elyvilon.
  2344 | D:4      | Found Xitiof's Distillery.
  2433 | D:4      | Reached XP level 6. HP: 56/56 MP: 6/6
  2537 | D:4      | Reached skill level 6 in Axes
  2715 | D:4      | Noticed an ogre
  2724 | D:4      | Killed an ogre
  2725 | D:4      | Found a sand-covered staircase.
  2738 | Ossuary  | Entered an ossuary
  2990 | Ossuary  | Reached XP level 7. HP: 57/62 MP: 7/7
  3052 | Ossuary  | Reached skill level 5 in Armour
  3430 | D:4      | Reached skill level 7 in Axes
  3846 | D:5      | Entered Level 5 of the Dungeon
  4187 | D:5      | Reached skill level 8 in Axes
  4187 | D:5      | Reached XP level 8. HP: 60/73 MP: 8/8
  4811 | D:6      | Noticed Eustachio
  4842 | D:6      | Reached skill level 9 in Axes
  4860 | D:6      | Killed Eustachio
  5488 | D:6      | Reached skill level 10 in Axes
  5488 | D:6      | Reached XP level 9. HP: 74/83 MP: 9/9
  5496 | D:6      | Noticed Menkaure
  5502 | D:6      | Killed Menkaure
  5611 | D:6      | Found a snail-covered altar of Cheibriados.
  5740 | D:7      | Found a staircase to the Ecumenical Temple.
  5750 | Temple   | Entered the Ecumenical Temple
  5799 | Temple   | Became a worshipper of Warmaster Okawaru
  6244 | D:7      | Noticed Edmund
  6258 | D:7      | Killed Edmund
  6258 | D:7      | Reached skill level 10 in Fighting
  6258 | D:7      | Reached skill level 11 in Axes
  6456 | D:7      | Acquired Okawaru's first power
  7027 | D:7      | Reached XP level 10. HP: 59/94 MP: 10/10
  7084 | D:7      | Reached skill level 12 in Axes
  7168 | D:7      | Gained mutation: Your vision is a little blurry. [potion of mutation]
  7168 | D:7      | Gained mutation: Armour fits poorly on your strangely shaped body. [potion of mutation]
  7168 | D:7      | Gained mutation: Your system is resistant to poisons. [potion of mutation]
  7169 | D:7      | Lost mutation: Armour fits poorly on your strangely shaped body. [potion of cure mutation]
  7169 | D:7      | Lost mutation: Your vision is a little blurry. [potion of cure mutation]
  7169 | D:7      | Lost mutation: Your system is resistant to poisons. [potion of cure mutation]
  7283 | D:7      | Found a sparkling altar of Nemelex Xobeh.
  8702 | D:8      | HP: 4/96 [poisoned by a killer bee]
  8705 | D:8      | Slain by a killer bee

Action                   |  1- 3 |  4- 6 |  7- 9 | 10-12 || total
-------------------------+-------+-------+-------+-------++-------
Melee: War axe           |   143 |   223 |   601 |   280 ||  1247
Evoke: Wand              |       |       |       |     1 ||     1
  Use: Scroll            |     3 |     3 |    12 |     3 ||    21
       Potion            |       |       |    10 |     5 ||    15
  Eat: Chunk             |       |     7 |     7 |       ||    14
       Meat ration       |       |       |     1 |       ||     1
       Pizza             |       |       |     1 |       ||     1
       Bread ration      |       |       |     1 |     1 ||     2
